Cogmind - Beta 15 @@@ ROGUE MODE // 2025.08.10 @ 19:14:48 Player: Rockstar Result: Destroyed by H-66 Slayer with Gauss Rifle Performance ------------- Evolutions (4) 2000 Regions Visited (4) 800 Robots Destroyed (28) 140 Value Destroyed (958) 958 Prototype IDs (3) 60 Alien Tech Used (0) 0 Bonus (196) 196 TOTAL SCORE: 4154 Bonus ------- Follower Combat Kills 196 Cogmind --------- Core Integrity 0/850 Matter 280/300 Energy 88/100 System Corruption 10% Temperature Cool (0) Movement Core (50) Location -6/Factory Parts ------- > --- POWER (2) -------- (None) > --- PROPULSION (6) --- (None) > --- UTILITY (5) ------ Visual Processing Unit > --- WEAPON (2) ------- (None) > --- INVENTORY (5) ---- Angular Momentum Engine Small Storage Unit Trap Scanner Assault Rifle Hypervelocity Gauss Rifle Peak State ------------ > --- POWER ------------ Light Deuterium Engine Light Angular Momentum Engine > --- PROPULSION ------- Light Treads Wheel Wheel Wheel Wheel Wheel > --- UTILITY ---------- Improved Heat Sink Advanced Heat Sink Huge Storage Unit Gravity Neutralizer Hacking Suite > --- WEAPON ----------- Heavy Laser Phase Cannon > --- INVENTORY -------- Light Ion Engine Light Ion Engine Light Ion Engine Light Angular Momentum Engine Light Treads Improved Medium Treads Aluminum Leg Carbon-fiber Leg Carbon-fiber Leg Cooled VTOL Module Cooled VTOL Module Cooled VTOL Module Improved Heat Sink Small Storage Unit Compact Matter Pod Trap Scanner Advanced Sensor Array Particle Charger Remote Shield High-powered Tractor Beam Small Laser Assault Rifle High-powered Shotgun High-powered Shotgun Mini Grenade Launcher [Rating: 48] Favorites ----------- Power Light Ion Engine Engine Light Ion Engine Propulsion Aluminum Leg Treads Light Treads Leg Aluminum Leg Wheel Wheel Utility Small Storage Unit Device Improved Heat Sink Storage Small Storage Unit Processor Visual Processing Unit Hackware Hacking Suite Weapon Assault Rifle Energy Gun Small Laser Energy Cannon Phase Cannon Ballistic Gun Assault Rifle Launcher Grenade Launcher Build | -11 -10 -10 -9 -6 ------- Run | Yrd Mat Sub Scr Fac Slots Evolved 8 | . . . . 8 Power 1 | . . . . 1 Propulsion 4 | . . . . 4 Utility 3 | . . . . 3 Weapon . | . . . . . Parts Attached 47 | 6 3 2 1 35 Power 6 | 1 . 1 . 4 Engine 6 | 1 . 1 . 4 Core . | . . . . . Reactor . | . . . . . Propulsion 16 | 2 . . . 14 Treads 3 | . . . . 3 Leg 4 | 2 . . . 2 Wheel 7 | . . . . 7 Hover . | . . . . . Flight 2 | . . . . 2 Utility 12 | 1 1 1 1 8 Device 7 | . . 1 1 5 Storage 3 | 1 1 . . 1 Processor 1 | . . . . 1 Hackware 1 | . . . . 1 Protection . | . . . . . Artifact . | . . . . . Weapon 13 | 2 2 . . 9 Energy Gun 3 | 1 . . . 2 Energy Cannon 2 | . . . . 2 Ballistic Gun 3 | 1 . . . 2 Ballistic Cannon . | . . . . . Launcher 5 | . 2 . . 3 Special Weapon . | . . . . . Impact Weapon . | . . . . . Slashing Weapon . | . . . . . Piercing Weapon . | . . . . . Special Melee Weapon . | . . . . . Unidentified Prototypes 3 | . . . . 3 Parts Lost 18 | . . 4 . 14 Power 3 | . . 1 . 2 Propulsion 9 | . . . . 9 Utility 3 | . . 1 . 2 Weapon 3 | . . 2 . 1 Highest Loss Streak 13 | . . 4 . 13 To Critical Strikes . | . . . . . Average Backups 10 | 2 6 7 7 14 Power 1 | . 1 . 1 1 Propulsion 4 | 1 4 4 4 4 Utility 1 | . 1 . . 4 Weapon 2 | . . 1 2 3 Tool/Special . | . . . . . Unused Backups 14 | . . . 3 11 Power 3 | . . . 1 2 Propulsion 3 | . . . 1 2 Utility 6 | . . . . 6 Weapon 2 | . . . 1 1 Tool/Special . | . . . . . Average Slot Usage (%) 87 | . 89 96 83 88 Engine 12 | . 14 14 14 10 Treads 2 | . . . . 6 Leg 19 | . 28 28 28 2 Wheel 8 | . . . . 25 Device 9 | . . 8 5 16 Storage 15 | . 18 17 22 5 Hackware 1 | . . . . 5 Energy Gun 6 | . 14 5 5 4 Energy Cannon 1 | . . . . 3 Ballistic Gun 5 | . 14 5 5 2 Launcher 1 | . . 16 . . Peak Build Rating 48 | 6 7 7 12 48 Average Rating 16 | 4 6 6 8 33 On Entrance 6 | . 6 7 7 12 Naked Turns 1 | . . . . 1 Heaviest Build 110 | 11 17 15 14 110 Greatest Support 50 | 20 20 20 20 50 Greatest Overweight (x) 4 | . . . . 4 Average Overweight (x) . | . . . . 1 Largest Inventory Capacity 25 | 8 8 8 8 25 Average Capacity 12 | 6 8 8 8 22 Most Carried 25 | 5 8 8 8 25 Average Carried 10 | 2 6 7 7 15 Final Capacity 8 | 8 8 8 8 5 Final Carried 8 | 5 8 6 8 5 Class Distribution -------------------- 73% | Mutant 26% | Scavenger-Mutant Dominant Class ---------------- Mutant | -10/Materials Mutant | -10/Subcaves Mutant | -9/Scraptown Scavenger-Mutant | -6/Factory Resources | -11 -10 -10 -9 -6 ----------- Run | Yrd Mat Sub Scr Fac Matter Collected 1148 | 223 . 38 156 731 Remotely 32 | . . 32 . . Salvage Created 1018 | . . 49 . 969 Parts 43 | . . 3 . 40 Haulers Intercepted 1 | . . . . 1 Recyclers Shooed . | . . . . . Parts Field Recycled . | . . . . . Retrieved Matter . | . . . . . Parts Self-Destructed 4 | . . 4 . . Prevented . | . . . . . Kills | -11 -10 -10 -9 -6 ------- Run | Yrd Mat Sub Scr Fac Combat Hostiles Destroyed 20 | . . 4 . 16 Melee 1 | . . . . 1 Guns 4 | . . 1 . 3 Cannons 7 | . . . . 7 AOE 8 | . . 3 . 5 Classes Destroyed 10 | . . 1 . 9 Worker 5 | . . . . 5 Hauler 1 | . . . . 1 Watcher 2 | . . . . 2 Swarmer 3 | . . . . 3 Saboteur 1 | . . . . 1 Grunt 9 | . . . . 9 Brawler 1 | . . . . 1 Duelist 1 | . . . . 1 Sentry 1 | . . . . 1 Subdweller 4 | . . 4 . . Best Kill Streak 6 | . . 2 . 6 Combat Bots Only 6 | . . 2 . 6 Max Kills in Single Turn 3 | . . 1 . 3 Gunslinging . | . . . . . Exploded 3 | . . 1 . 3 Melee 1 | . . . . 1 Uniques/NPCs Destroyed . | . . . . . Combat | -11 -10 -10 -9 -6 -------- Run | Yrd Mat Sub Scr Fac Hostile Shots Fired 280 | . . 19 . 261 Missed 109 | . . 5 . 104 Hits 171 | . . 14 . 157 Melee 1 | . . . . 1 Projectile 170 | . . 14 . 156 Critical Strikes 3 | . . . . 3 Damage Taken 2510 | . . 322 . 2188 Core 856 | . . . . 856 Absorbed by Shields 197 | . . . . 197 Core Remaining (%) 100 | 100 . . 100 . Volleys Fired 78 | . . 9 . 69 Largest 2 | . . 2 . 2 Hottest 154 | . . 60 . 154 Shots Fired 155 | . . 18 . 137 Gun 94 | . . 4 . 90 Cannon 43 | . . . . 43 Launcher 18 | . . 14 . 4 Special . | . . . . . Kinetic 37 | . . 2 . 35 Thermal 100 | . . 2 . 98 Explosive 18 | . . 14 . 4 Electromagnetic . | . . . . . Robot Hit Streak 12 | . . 10 . 12 Robot Miss Streak 8 | . . 1 . 8 Penetration Max . | . . . . . Secondary Targets . | . . . . . Shots Hit Robots 93 | . . 11 . 82 Core Hits 48 | . . 8 . 40 Critical Kills . | . . . . . Critical Parts Destroyed . | . . . . . Critical Strikes . | . . . . . Melee Attacks . | . . . . . Impact . | . . . . . Slashing . | . . . . . Piercing . | . . . . . Sneak Attacks . | . . . . . Combat Hostiles . | . . . . . Follow-up Attacks . | . . . . . Damage Inflicted 2987 | . . 536 . 2451 Guns 906 | . . 21 . 885 Cannons 889 | . . . . 889 Explosions 1176 | . . 515 . 661 Melee . | . . . . . Ramming 16 | . . . . 16 Kinetic 212 | . . 21 . 191 Thermal 1801 | . . . . 1801 Explosive 958 | . . 515 . 443 Electromagnetic . | . . . . . Impact . | . . . . . Slashing . | . . . . . Piercing . | . . . . . Highest Corruption 10 | . . . . 10 Average Corruption 2 | . . . . 2 Corruption Purged . | . . . . . Corruption Blocked . | . . . . . Effects 6 | . . . . 6 Message Errors 1 | . . . . 1 Matter Fused 2 | . . . . 2 Heat Flow Errors 1 | . . . . 1 Data Loss (minor) 1 | . . . . 1 Data Loss (major) 1 | . . . . 1 Overload Shots . | . . . . . Overflow Damage 65 | . . . . 65 Projectiles 30 | . . . . 30 Explosions 35 | . . . . 35 Melee . | . . . . . Knockbacks . | . . . . . Impact . | . . . . . Kinetic . | . . . . . Secondary . | . . . . . Self-Inflicted Damage 7 | . . . . 7 Shots . | . . . . . Rammed 3 | . . . . 3 Targets Rammed 3 | . . . . 3 Kicked . | . . . . . Crushed . | . . . . . Highest Temperature 191 | . . . . 191 Average Temperature 64 | . . . . 64 Received Heat Transfer 455 | . . 60 . 395 Siege Activations . | . . . . . Martial Activations . | . . . . . Shielding Activations . | . . . . . Robots Disrupted . | . . . . . Combat Hostiles . | . . . . . Robots Corrupted . | . . . . . Combat Hostiles . | . . . . . Parts Fried . | . . . . . Impact Corruptions . | . . . . . Robots Melted . | . . . . . Combat Hostiles . | . . . . . Parts Melted 7 | . . . . 7 Heat Transferred 2563 | . . . . 2563 Parts Sabotaged 2 | . . . . 2 Parts Stolen . | . . . . . Parts Stripped . | . . . . . Power Chain Reactions . | . . . . . Alert | -11 -10 -10 -9 -6 ------- Run | Yrd Mat Sub Scr Fac Maximum Alert Level 1 | . . . . 1 Low Security (%) 82 | 100 100 . . 76 Level 1 17 | . . . . 23 Level 2 . | . . . . . Level 3 . | . . . . . Level 4 . | . . . . . Level 5 . | . . . . . High Security . | . . . . . Max Security . | . . . . . Peak Influence 368 | . 5 . . 368 Initial . | . . . . . Average 93 | . . . . 121 Influence Increases 708 | . 5 . . 703 Destroy 0b10 Robot/C 420 | . . . . 420 Destroy 0b10 Robot/NC 40 | . . . . 40 Destroy Leader 76 | . . . . 76 Allied During Kill 32 | . . . . 32 Successful Hack 5 | . 5 . . . Disable Machine 45 | . . . . 45 Destroy Structure 45 | . . . . 45 Lose Combat Pursuer 45 | . . . . 45 Influence Decreases 452 | . 5 . . 447 Time Decay 272 | . 5 . . 267 Lost Part 140 | . . . . 140 Lost Ally 40 | . . . . 40 Squads Dispatched 4 | . . . . 4 Investigation . | . . . . . Extermination 1 | . . . . 1 Reinforcement 3 | . . . . 3 Assault . | . . . . . Garrison . | . . . . . Intercept . | . . . . . Searches Triggered . | . . . . . Construction Impeded 1 | . . . . 1 Haulers Reinforced 1 | . . . . 1 Active Scanning Responses . | . . . . . Cargo Convoy Interrupts 1 | . . . . 1 Stealth | -11 -10 -10 -9 -6 --------- Run | Yrd Mat Sub Scr Fac Distress Signals 1 | . . . . 1 Communications Jammed . | . . . . . Distress Signals . | . . . . . Times Spotted 44 | . . 4 . 40 Peak Tracking Total 12 | . . 2 . 12 Tactical Retreats 2 | . . . . 2 Traps | -11 -10 -10 -9 -6 ------- Run | Yrd Mat Sub Scr Fac Traps Triggered 1 | . . . . 1 Indirectly . | . . . . . Trap Hack Attempts . | . . . . . Triggered . | . . . . . Disarmed . | . . . . . Reprogrammed . | . . . . . Reused . | . . . . . Traps Extracted . | . . . . . Installed . | . . . . . Triggered . | . . . . . Machines | -11 -10 -10 -9 -6 ---------- Run | Yrd Mat Sub Scr Fac Machines Disabled 3 | . . . . 3 Max in Single Turn 1 | . . . . 1 Garrison Access 1 | . . . . 1 Machines Repaired . | . . . . . Machines Dismantled . | . . . . . Machines Sabotaged . | . . . . . Overloaded Fab Kills . | . . . . . Hacking | -11 -10 -10 -9 -6 --------- Run | Yrd Mat Sub Scr Fac Machines Accessed 6 | . 3 . . 3 Terminals 5 | . 3 . . 2 Fabricators . | . . . . . Repair Stations . | . . . . . Recycling Units . | . . . . . Scanalyzers . | . . . . . Garrison Access 1 | . . . . 1 Total Hacks 12 | . 8 . . 4 Successful 3 | . 1 . . 2 Failed 9 | . 7 . . 2 Catastrophic 3 | . 2 . . 1 Database Lockouts . | . . . . . Manual 3 | . 3 . . . Terminals 11 | . 8 . . 3 Fabricators . | . . . . . Repair Stations . | . . . . . Recycling Units . | . . . . . Scanalyzers . | . . . . . Garrison Access 1 | . . . . 1 Terminal Hacks 2 | . 1 . . 1 Robot Analysis 1 | . . . . 1 Reinforcement Status 1 | . 1 . . . Fabricator Hacks . | . . . . . Repair Station Hacks . | . . . . . Recycling Unit Hacks . | . . . . . Scanalyzer . | . . . . . Garrison Access Hacks 1 | . . . . 1 Seal Access 1 | . . . . 1 Unauthorized Hacks . | . . . . . Terminals . | . . . . . Fabricators . | . . . . . Repair Stations . | . . . . . Recycling Units . | . . . . . Scanalyzers . | . . . . . Garrison Access . | . . . . . Data Cores Recovered . | . . . . . Used . | . . . . . Hacking Detections 4 | . 2 . . 2 Full Trace Events . | . . . . . Feedback Events . | . . . . . Feedback Blocked . | . . . . . Robot Schematics Acquired . | . . . . . Robots Built . | . . . . . Authchips . | . . . . . Time . | . . . . . Total Robot Build Rating . | . . . . . Part Schematics Acquired . | . . . . . Parts Built . | . . . . . Authchips . | . . . . . Time . | . . . . . Total Part Build Rating . | . . . . . Parts Repaired . | . . . . . Time . | . . . . . Parts Recycled . | . . . . . Recycled Matter . | . . . . . Retrieved Matter . | . . . . . Retrieved Components . | . . . . . Parts Scanalyzed . | . . . . . Part Schematics Acquired . | . . . . . Parts Damaged . | . . . . . Bothacking | -11 -10 -10 -9 -6 ------------ Run | Yrd Mat Sub Scr Fac Used RIF Installer . | . . . . . Robots Hacked . | . . . . . Non-combat . | . . . . . Combat . | . . . . . Robot Hacks Applied . | . . . . . Relay Couplers Released . | . . . . . Fabnet Peak Effective % . | . . . . . Robots Rewired 3 | . . . . 3 Allies Hacked . | . . . . . Hacks Repelled . | . . . . . Allies | -11 -10 -10 -9 -6 -------- Run | Yrd Mat Sub Scr Fac Total Allies 3 | . . . . 3 Largest Group 3 | . . . . 3 Highest-Rated Group 110 | . . . . 110 Highest-Rated Ally 41 | . . . . 41 Total Orders 2 | . . . . 2 AID 2 | . . . . 2 Ally Attacks 44 | . . . . 44 Total Damage 945 | . . . . 945 Kills 6 | . . . . 6 Allies Corrupted . | . . . . . Allies Melted . | . . . . . Intel | -11 -10 -10 -9 -6 ------- Run | Yrd Mat Sub Scr Fac Active Infowar (turns) 999 | . . . 369 630 Optics 63 | . . . . 63 Sensors 693 | . . . 369 324 Traps 318 | . . . . 318 Robot Analysis Total 1 | . . . . 1 Derelict Logs Recovered 2 | . . . 2 . Drone Launches . | . . . . . Drone Recoveries . | . . . . . Exploration | -11 -10 -10 -9 -6 ------------- Run | Yrd Mat Sub Scr Fac Turns Passed 2256 | 57 179 246 986 788 Spaces Moved 1639 | 37 139 173 813 477 Core 104 | 1 . . . 103 Treads . | . . . . . Legs 1205 | 36 139 173 813 44 Wheels 330 | . . . . 330 Hover . | . . . . . Flight . | . . . . . Fastest Speed 50 | 50 120 120 120 50 Average Speed 113 | 118 120 120 120 98 Slowest Speed 140 | 120 120 120 120 140 Overloaded Moves . | . . . . . Propulsion Burnouts . | . . . . . Robots Hopped . | . . . . . Potential Cave-ins . | . . . . . Cave-ins Triggered . | . . . . . Exploration Rate (%) 22 | 3 25 12 56 15 Regions Visited 4 Branch Regions 2 Pre-discovered Areas . | . . . . . Known Exits Taken . | . . . . . Unknown Exits Taken 4 | 1 1 1 1 . Scrap Searched 3 | . . . 3 . Spaces Dug . | . . . . . Terrain Destroyed 123 | . . 72 . 51 Melee . | . . . . . Projectile 9 | . . . . 9 AOE 114 | . . 72 . 42 Terrain Rammed . | . . . . . Walls Destroyed . | . . . . . Machines Disabled . | . . . . . Actions | -11 -10 -10 -9 -6 --------- Run | Yrd Mat Sub Scr Fac Total 1871 | 47 150 193 826 655 Wait 28 | . 5 5 . 18 Move 1635 | 36 138 172 812 477 Hop . | . . . . . Pick Up 36 | 5 4 2 5 20 Fast Attach 20 | 6 . . 1 13 Attach 22 | . 1 4 2 15 Detach 9 | . . . 2 7 Swap 16 | . 2 1 . 13 Drop 16 | . . . 4 12 Fire 78 | . . 9 . 69 Melee . | . . . . . Ram 3 | . . . . 3 Kick . | . . . . . Crush . | . . . . . Escape Stasis . | . . . . . Rewire 8 | . . . . 8 Trap . | . . . . . Miscellaneous . | . . . . . Route ------- -11/Scrapyard -10/Materials (discovered 2 exits: [*Min] / [*Sub]) -10/Subcaves -9/Scraptown -6/Factory History --------- Turn | Location | Event 9 | -11/Scrapyard | Discovered new exit (range 15) 58 | -11/Scrapyard | Entered Materials 153 | -10/Materials | Discovered new exit (range 8) 228 | -10/Materials | Discovered new exit (range 7) 237 | -10/Materials | Entered Subcaves 238 | -10/Subcaves | Approached by a straggling Scientist 315 | -10/Subcaves | Build established: Mutant 409 | -10/Subcaves | Lost 4 parts (1p1u2w) 450 | -10/Subcaves | Scientist uncovered a shortcut to Scraptown 483 | -10/Subcaves | Entered Scraptown 594 | -9/Scraptown | Heard Great Nut preacher, LISTEN AND RECITE! 644 | -9/Scraptown | Visited Red Mages 687 | -9/Scraptown | Visited Cave Peace 744 | -9/Scraptown | Scanned Subdweller tech in exchange for log data 747 | -9/Scraptown | Learned location of 2 exits from Upper Caves 748 | -9/Scraptown | Learned Factory interactive machine intel 1169 | -9/Scraptown | Visited Comm Corps 1259 | -9/Scraptown | Visited The Evicted 1312 | -9/Scraptown | Visited Cyclists 1364 | -9/Scraptown | Visited SPCMW 1466 | -9/Scraptown | Discovered new exit (range 3) 1469 | -9/Scraptown | Entered Factory 1469 | -6/Factory | Evolved 8 slots: Power x1, Propulsion x4, Utility x3 1470 | -6/Factory | Loaded intel: 53 interactive machine locations 1888 | -6/Factory | Build established: Scavenger-Mutant 2184 | -6/Factory | Cargo convoy interrupted 2193 | -6/Factory | Released all parts (6) 2197 | -6/Factory | Core integrity fell below 50% 2223 | -6/Factory | Lost 13 parts (2p8n2u1w) 2241 | -6/Factory | Core integrity fell below 20% 2256 | -6/Factory | System corruption reached 10% 2257 | -6/Factory | Destroyed by H-66 Slayer with Gauss Rifle Last Messages --------------- 02204_ U-05 Engineer lays Concrete. 02205_ Acquired 65 matter. 02206_ Acquired 58 matter. 02208_ Acquired Hyp. Gauss Rifle. 02215_ System corrupted: Component data lost. 02224_ Acquired Angular Momentum Engine. 02237_ Wheel destroyed. 02239_ System corrupted: Matter fused (-8). 02240_ Slug penetrates Wall. 02245_ Acquired Shock Bomb Launcher. 02249_ Dropped Shock Bomb Launcher. 02249_ P-60 Hacker resets P-60 Hacker, system corruption cleaned. 02250_ Dropped Shock Bomb Launcher. 02254_ P-60 Hacker resets P-60 Hacker, system corruption cleaned. 02255_ Penetrated by Slug. 02255_ Slammed into H-66 Slayer. 02255_ Destabilizing: System corrupted (+2). 02256_ Slug penetrates Wall. 02256_ Slammed into H-66 Slayer. 02257_ Slug penetrates Wall. Map ----- +----------------------------------------------------+ | ?????????????????????????????????????????????????? | | ?????????????????????????????????????????????????? | | ?????????????????????????????????????????????????? | | ?????????????????????????????????????????????????? | | ?????????????""G""???????????????????????????????? | | ??????????????"?"????????????????????????????????? | | ?????????????????????????????????????????????????? | | ?????????????????????????????????????????????????? | | ?????????????????????????????????????????????????? | | ?????????????????????????????????????????????????? | | ??????????????????????????#########??????????????? | | ??????????????????????????# #??????????????? | | ??????????????????????????# """ ! #??????????????? | | ??????????????????????????# """ #??????????????? | | ??????????????????????????# """ ########???????? | | ??????????????????######### ## #???????? | | ??????????????????# # """ ## #???????? | | ??????????????????# # """ [ ## #???????? | | ??????????????????# ! # """ ## #???????? | | ??????????????????# # ####+###???????? | | ??????????????????# "" # #??# #?????????? | | ??????????????????# "" # #??# #?????????? | | ??????????????????# """ #+#+######## ##????????? | | ??????????????????# """ # ##???????? | | ??????????????????# """hh +???????? | | ??????????????????# pph@# ##???????? | | ??????????????????# "" ########### #????????? | | ??????????????????# "" #????????## ##???????? | | ??????????????????# p""" #????????# #???? #? | | ??????????????????# """ #????????# ### #? | | ??????????????????#]]m"""p#????????+ | | ??????????????????#]] #????????# ########? | | ??????????????????#] #????????# #???????? | | ????????????????#############??????### ###???????? | | ???????????????? #????????#%#?????????? | | ???????????????# #????????# #?????????? | | ???????????????? #???????## ##????????? | | ???????????????? ! #??#######/###???????? | | ??????""????????? "### #???????? | | ??????""????????? # #??????## | | ??????"T???????#? """ """ ## #??????# | | ??????""???????# """ """ % "## % | #??????# | | ??????""???????# """ """ [ ] / ! ! #??????# | | ???????????????# ""!*" [ ## !!=! #??????# | | ???????????????# ""!]"" [ # *!=*= #??????# | | ???????????????# [!![*!= # !%=/% #??????# | | ???????????????######=/"!" ## ######+############ | | ???????? !%=!== %!* | | ???????? " /%!=* | | ???????? "%" ]!= | +----------------------------------------------------+ Best States ------------- Heat Dissipation 84 Energy Generation 27 Energy Capacity 325 Matter Stores 300 Matter Capacity 300 Sight Range 18 Robot Scan Range 16 Terrain Scan Density 10 Evasion (%) 55 Recoil Reduction 1 Offensive Hacking 10 Item Schematics ----------------- None Robot Schematics ------------------ None Fabricated ------------ Nothing Repaired ---------- Nothing Alien Tech Used ----------------- None Achievements -------------- None Challenges ------------ None Game ------ Seed ProcessingSniperDiverter Manual? 0 Play Time 00:53:09 Cumulative 144.0 hours Start 2025.08.06 @ 23:20:56 End 2025.08.10 @ 19:14:48 Sessions 2 Manual Loads 0 Difficulty Rogue Special Mode None Game No. 134 Rogue 131 Adventurer 1 Explorer 2 Win Type - Total 0 Types 0/0/0/0/0/0/0/0/0/0 Lore% 47 Gallery% 59 Achievement% 45 Wizard Run 0 Options --------- Layout 0 ASCII 0 Keyboard 0 Movement Mouse Keybinds 0 Fullscreen 2 Font 24/Smallcaps Map View 76x50 Zoom Use 0% Tactical HUD 1 Map Filters NONE Filters NONE Steam 1 RUN: 0e987d6e-eabc-4454-b02c-4bc69c2a4602